 Dungeon Crawl Stone Soup version 0.19.4-9-g45fd643 (webtiles) character file.

31966 Jynx the Bludgeoner (level 13, 0/125 HPs)
             Began as a Minotaur Fighter on Feb 20, 2017.
             Was a High Priest of Okawaru.
             Slain by a sphinx (11 damage)
             ... summoned by Kirke
             ... on level 5 of the Lair of Beasts.
             The game lasted 00:29:09 (17066 turns).

Jynx the Bludgeoner (Minotaur Fighter)             Turns: 17066, Time: 00:29:09

Health: 0/125      AC:  0    Str: 24    XL:     13   Next: 28%
Magic:  11/12      EV: 13    Int:  5    God:    Okawaru [*****.]
Gold:   905        SH:  0    Dex: 12    Spells: 1 memorised, 10 levels left

rFire  . . .     SeeInvis .     (weapon currently unavailable)
rCold  . . .     Gourm    .     (armour currently unavailable)
rNeg   . . .     Faith    .     (shield currently unavailable)
rPois  .         Spirit   .     (helmet currently unavailable)
rElec  .         Reflect  .     (cloak currently unavailable)
rCorr  .         Harm     .     (gloves currently unavailable)
MR     .....                    (boots currently unavailable)
Stlth  +.........               (no amulet)
                                (ring currently unavailable)
                                (ring currently unavailable)

@: pig-form, very quick
A: (retaliatory headbutt), (horns 0)
a: Heroism, Finesse, Renounce Religion


You were on level 5 of the Lair of Beasts.
You worshipped Okawaru.
Okawaru was extremely pleased with you.
You were near starving.
You were a filthy swine.
You visited 3 branches of the dungeon, and saw 17 of its levels.
You also visited: Ossuary.

You collected 905 gold pieces.

Inventory:

Hand Weapons
 a - a +3 morningstar of freezing (melded)
Armour
 c - a +0 shield
 i - a +0 pair of boots (melded)
 A - a +0 pair of gloves (melded)
 U - a +0 hat (melded)
 V - a +4 scale mail (melded)
Jewellery
 j - a +2 ring of slaying (melded)
 m - a +5 ring of protection (melded)
 w - an uncursed ring of ice
 x - a +4 ring of protection
 y - an uncursed ring of see invisible
 F - an uncursed ring of wizardry
Wands
 b - a wand of digging (12/24)
 v - a wand of digging (11/24)
 I - a wand of digging (5/24)
 M - a wand of flame (23/48)
 P - a wand of enslavement (9/24)
Scrolls
 h - 2 scrolls of fog
 s - 2 scrolls of teleportation
 z - 2 scrolls of blinking
 D - 2 scrolls of silence
 J - a scroll of magic mapping
 K - 4 scrolls of amnesia
 L - 3 scrolls of recharging
 N - a scroll of fear
 Q - a scroll of enchant weapon
 W - 2 scrolls of remove curse
Potions
 d - 2 potions of might
 e - 2 potions of heal wounds
 k - 5 potions of invisibility
 l - a potion of mutation
 n - a potion of haste
 o - a potion of brilliance {unknown}
 p - 5 potions of degeneration
 q - a potion of berserk rage
 t - 3 potions of resistance
 u - 6 potions of lignification
 B - 8 potions of curing
 C - 5 potions of agility
 E - a potion of magic
Books
 T - a book of Flames

   Spells                             Type                      Level
   a - Flame Tongue                   Conjuration/Fire             1
   b - Throw Flame                    Conjuration/Fire             2
   c - Conjure Flame                  Conjuration/Fire             3
   d - Inner Flame                    Hexes/Fire                   3
   e - Sticky Flame                   Conjuration/Fire             4
   f - Fireball                       Conjuration/Fire             5
 Y - a book of Clouds

   Spells                             Type                      Level
   a - Mephitic Cloud                 Conjuration/Poison/Air       3
   b - Conjure Flame                  Conjuration/Fire             3
   c - Poisonous Cloud                Conjuration/Poison/Air       6
   d - Freezing Cloud                 Conjuration/Ice/Air          6
   e - Ring of Flames                 Charms/Fire                  7
Comestibles
 f - 9 bread rations
 g - 5 beef jerkies
 r - 10 meat rations
 G - 14 fruits
 O - 3 slices of pizza
 S - 12 royal jellies


   Skills:
 + Level 14.6 Fighting
 + Level 17.9 Maces & Flails
 + Level 9.6 Armour
 + Level 10.2 Shields


You had 10 spell levels left.
You knew the following spells:

 Your Spells              Type           Power        Failure   Level  Hunger
a - Blink                 Tloc           N/A          80%         2    ###....


Dungeon Overview and Level Annotations

Branches:
Dungeon (11/15)            Temple (1/1) D:6            Lair (5/6) D:10
  Swamp (0/4) Lair:3        Snake (0/4) Lair:4        Slime (0/5) Lair:5
    Orc (0/2) D:10

Altars:
Ashenzari
Cheibriados
Dithmenos
Elyvilon
Fedhas
Gozag
Hepliaklqana
Kikubaaqudgha
Makhleb
Nemelex Xobeh
Okawaru
Qazlal
Ru
Sif Muna
Trog
Uskayaw
Vehumet
Xom
Yredelemnul
Zin
The Shining One
Jiyva

Shops:
D:10 :

Portals:
Trove: D:11 (give 17 potions of curing)

Annotations:
Lair:5 Kirke


Innate Abilities, Weirdness & Mutations

((You reflexively headbutt those who attack you in melee.))
((You have a pair of horns on your head.))


Message History

Kirke is almost dead.
The sphinx hits you! x2; The sphinx closely misses you.
You bump into the rock wall.
Kirke mumbles some strange words.
Kirke flickers and vanishes!
Deactivating autopickup; reactivate with Ctrl-A.
The sphinx closely misses you. The sphinx hits you. x2
You miss something.
You feel like a meek peon again. Something hits you! The sphinx hits you!
* * * LOW HITPOINT WARNING * * *
The sphinx hits you!
* * * LOW HITPOINT WARNING * * *
The sphinx hits you!
* * * LOW HITPOINT WARNING * * *
You're too confused!
You feel better. Something hits you!
* * * LOW HITPOINT WARNING * * *
The sphinx misses you. The sphinx hits you!
You die...

.......≈≈≈....##..#.##
P.......≈...P.##...##
##.#....#.######...#
#.#.##....######<..# ###
########......#....###.#
#......##..[.#..#####
#####......#.....#..##
#..............#.#
##....h{........##
#####.H........##
##.........P#
#..........P#
#...........P#
#...........##
.............#
.#.............
............####


You could see a sphinx.

Vanquished Creatures
  3 hydras
  8 death yaks
  Nergalle (Lair:2)
  2 hill giants
  An ugly thing (D:11)
  A manticore (D:11)
  An oklob plant (Lair:5)
  A black mamba (Lair:4)
  6 spiny frogs
  A rime drake (Lair:2)
  5 komodo dragons
  The ghost of letownia the Conjurer, a novice OpWz (Ossuary)
  A polar bear (Lair:3)
  2 trolls (D:11)
  A hornet (D:10)
  Prince Ribbit (D:9)
  14 blink frogs
  5 hippogriffs
  A vampire (D:9)
  11 yaks
  7 hogs (Lair:5)
  2 wyverns
  Grum (D:11)
  16 water moccasins
  A mottled dragon (D:11)
  A soldier ant (D:10)
  12 porcupines
  A black bear (Lair:2)
  2 sky beasts
  4 ice beasts
  8 orc warriors
  2 phantoms
  2 ogres
  3 necrophages
  5 wolves
  4 centaurs
  2 crocodiles
  6 elf zombies (Ossuary)
  10 bullfrogs
  A water moccasin skeleton (D:4)
  2 scorpions
  6 killer bees (D:11)
  10 wights
  An electric eel (Lair:3)
  5 howler monkeys
  7 crimson imps
  9 centaur zombies
  A human zombie (Ossuary)
  6 jellies
  6 hounds
  3 iguanas
  5 orc priests
  9 orc wizards
  2 centaur skeletons
  A bullfrog skeleton (D:11)
  Terence (D:3)
  7 worker ants
  A killer bee zombie (D:8)
  A hound zombie (D:5)
  3 mummies (Ossuary)
  19 adders
  8 gnolls
  4 river rats (D:10)
  3 shadow imps
  An ooze (Lair:5)
  An adder zombie (D:7)
  3 adder skeletons
  3 worms
  3 dart slugs
  3 leopard geckos
  64 orcs
  6 giant cockroaches
  4 goblins
  8 hobgoblins
  6 jackals
  6 quokkas
  2 ball pythons
  18 bats
  4 frilled lizards
  6 kobolds
  20 rats
  A plant (D:10)
436 creatures vanquished.

Vanquished Creatures (others)
  5 fungi
  A plant (Lair:4)
6 creatures vanquished.

Grand Total: 442 creatures vanquished

Notes
Turn   | Place    | Note
-------+----------+-------------------------------------------
     0 | D:1      | Jynx the Minotaur Fighter began the quest for the Orb.
     0 | D:1      | Reached XP level 1. HP: 19/19 MP: 0/0
    95 | D:1      | Reached skill level 3 in Maces & Flails
   122 | D:1      | Reached XP level 2. HP: 26/27 MP: 1/1
   945 | D:2      | Found a snail-covered altar of Cheibriados.
   975 | D:2      | Reached XP level 3. HP: 30/33 MP: 2/2
   991 | D:2      | Found a basalt altar of Yredelemnul.
  1040 | D:2      | Reached skill level 4 in Maces & Flails
  1096 | D:2      | Found a sparkling altar of Nemelex Xobeh.
  1152 | D:2      | Found a shimmering altar of Xom.
  1388 | D:3      | Noticed Terence
  1404 | D:3      | Killed Terence
  1404 | D:3      | Reached XP level 4. HP: 41/41 MP: 3/3
  1405 | D:3      | Reached skill level 5 in Maces & Flails
  1822 | D:3      | Reached XP level 5. HP: 44/47 MP: 4/4
  2192 | D:3      | Reached skill level 5 in Fighting
  2609 | D:4      | Reached skill level 6 in Maces & Flails
  2660 | D:4      | Reached XP level 6. HP: 47/56 MP: 5/5
  3256 | D:5      | Entered Level 5 of the Dungeon
  3261 | D:5      | Reached skill level 7 in Maces & Flails
  3507 | D:5      | Found a hazy altar of Hepliaklqana.
  3569 | D:5      | Reached XP level 7. HP: 64/64 MP: 6/6
  3761 | D:5      | Reached skill level 8 in Maces & Flails
  4261 | D:6      | Reached skill level 9 in Maces & Flails
  4458 | D:6      | Found a staircase to the Ecumenical Temple.
  4472 | Temple   | Entered the Ecumenical Temple
  4665 | D:6      | Found a blossoming altar of Fedhas.
  4837 | D:7      | Reached XP level 8. HP: 49/73 MP: 7/7
  4872 | D:7      | Found a shimmering altar of Xom.
  4975 | D:7      | Found a glowing silver altar of Zin.
  5099 | D:7      | Reached skill level 10 in Maces & Flails
  5208 | D:7      | Noticed a hippogriff
  5216 | D:7      | Killed a hippogriff
  5250 | D:7      | Found a sand-covered staircase.
  5259 | Ossuary  | Entered an ossuary
  5317 | Ossuary  | Reached skill level 11 in Maces & Flails
  5334 | Ossuary  | Noticed letownia's ghost (novice OpWz)
  5341 | Ossuary  | Killed letownia's ghost
  5344 | Ossuary  | Reached XP level 9. HP: 63/81 MP: 8/8
  5395 | Ossuary  | Reached skill level 12 in Maces & Flails
  5786 | D:7      | Found a hide-covered altar of Uskayaw.
  5790 | D:7      | Found a deep blue altar of Sif Muna.
  6572 | D:8      | Reached skill level 13 in Maces & Flails
  6817 | D:8      | Found an iron altar of Okawaru.
  6832 | D:8      | Reached skill level 10 in Fighting
  6839 | D:8      | Became a worshipper of Warmaster Okawaru
  7008 | D:8      | Found a white marble altar of Elyvilon.
  7009 | D:8      | Found an iron altar of Okawaru.
  7013 | D:8      | Found an ancient bone altar of Kikubaaqudgha.
  7564 | D:9      | Reached * piety under Okawaru
  7564 | D:9      | Reached XP level 10. HP: 93/93 MP: 9/9
  8089 | D:9      | Reached skill level 14 in Maces & Flails
  8273 | D:9      | Noticed Prince Ribbit
  8288 | D:9      | Killed Prince Ribbit
  8685 | D:10     | Entered Level 10 of the Dungeon
  8743 | D:10     | Reached ** piety under Okawaru
  8780 | D:10     | Found a staircase to the Orcish Mines.
  9000 | D:10     | Found a staircase to the Lair.
  9354 | D:10     | Found Zipnuad's Book Boutique.
  9408 | D:10     | Reached skill level 15 in Maces & Flails
  9508 | D:11     | Reached *** piety under Okawaru
  9549 | D:11     | Found a portal to a secret trove of treasure.
  9550 | D:11     | Noticed a white ugly thing
  9571 | D:11     | Killed a white ugly thing
  9608 | D:11     | Noticed a hill giant
  9614 | D:11     | Killed a hill giant
  9847 | D:11     | Reached XP level 11. HP: 102/104 MP: 10/10
  9876 | D:11     | Noticed an eight-headed hydra
  9883 | D:11     | Killed an eight-headed hydra
  9883 | D:11     | Reached **** piety under Okawaru
  9883 | D:11     | Reached skill level 16 in Maces & Flails
  9903 | D:11     | Noticed Grum
  9913 | D:11     | Killed Grum
 10450 | D:11     | Noticed a six-headed hydra
 10467 | D:11     | Killed a six-headed hydra
 10467 | D:11     | Reached ***** piety under Okawaru
 10467 | D:11     | Reached skill level 5 in Armour
 10467 | D:11     | Reached skill level 5 in Shields
 10854 | D:11     | Found a shattered altar of Ashenzari.
 11081 | Lair:1   | Entered Level 1 of the Lair of Beasts
 12158 | D:10     | Noticed a hill giant
 12165 | D:10     | Killed a hill giant
 12336 | Lair:2   | Noticed a death yak
 12336 | Lair:2   | Noticed a death yak
 12337 | Lair:2   | Noticed a death yak
 12361 | Lair:2   | Killed a death yak
 12367 | Lair:2   | Killed a death yak
 12374 | Lair:2   | Killed a death yak
 12374 | Lair:2   | Reached XP level 12. HP: 96/115 MP: 7/11
 12610 | Lair:2   | Reached ****** piety under Okawaru
 12618 | Lair:2   | Noticed Nergalle
 12629 | Lair:2   | Killed Nergalle
 12629 | Lair:2   | Received a gift from Okawaru
 12735 | Lair:2   | Reached skill level 17 in Maces & Flails
 13248 | Lair:3   | Found a staircase to the Swamp.
 13507 | Lair:3   | Received a gift from Okawaru
 13924 | Lair:4   | Noticed a four-headed hydra
 13939 | Lair:4   | Killed a four-headed hydra
 14229 | Lair:4   | Noticed a death yak
 14231 | Lair:4   | Noticed a death yak
 14231 | Lair:4   | Noticed a death yak
 14233 | Lair:4   | Noticed a death yak
 14235 | Lair:4   | Noticed a death yak
 14237 | Lair:4   | Killed a death yak
 14371 | Lair:4   | Killed a death yak
 14378 | Lair:4   | Killed a death yak
 14385 | Lair:4   | Killed a death yak
 14392 | Lair:4   | Killed a death yak
 14816 | Lair:4   | Reached XP level 13. HP: 108/124 MP: 12/12
 14867 | Lair:4   | Found a staircase to the Snake Pit.
 15313 | Lair:4   | Received a gift from Okawaru
 15595 | Lair:5   | Reached skill level 10 in Shields
 15750 | Lair:5   | Found a runed door.
 15750 | Lair:5   | Found a viscous altar of Jiyva.
 15750 | Lair:5   | Found a staircase to the Slime Pits.
 16030 | Lair:5   | Learned a level 2 spell: Blink
 16086 | Lair:5   | Noticed Kirke
 16090 | Lair:5   | Noticed a sphinx
 16627 | Lair:5   | HP: 6/125 [lindwurm/blast of flame[Kirke] (22)]
 17060 | Lair:5   | Noticed a sphinx
 17066 | Lair:5   | Slain by a sphinx

Skill      XL: |  1  2  3  4  5  6  7  8  9 10 11 12 13 |
---------------+----------------------------------------+-----
Maces & Flails | 3 4 5 6 7 9 11 13 15 16 17 | 17.9
Fighting       | 4 5 6 7 8 10 11 13 14 | 14.6
Armour         | 6 9 |  9.6
Shields        | 6 9 10 | 10.2

Action                   |  1- 3 |  4- 6 |  7- 9 | 10-12 | 13-15 || total
-------------------------+-------+-------+-------+-------+-------++-------
Melee: Flail             |    76 |   113 |   216 |       |       ||   405
       Headbutt          |    10 |    17 |    62 |   110 |    21 ||   220
       Morningstar       |       |       |    82 |   524 |   112 ||   718
       Punch             |       |       |       |     4 |     1 ||     5
       Unarmed           |       |       |       |       |    11 ||    11
Invok: Heroism           |       |       |       |    10 |     5 ||    15
  Use: Scroll            |    10 |     3 |    16 |     8 |     5 ||    42
       Potion            |       |       |       |     1 |     5 ||     6
  Eat: Chunk             |     1 |     7 |    12 |    21 |     6 ||    47
       Pizza             |       |       |     1 |       |       ||     1
       Fruit             |       |       |       |     1 |       ||     1
Armor: Scale mail        |    37 |    65 |   145 |   292 |    46 ||   585
Dodge: Dodged            |    40 |    59 |   103 |   233 |    59 ||   494
